AoeStats
← xlalox corona

Migration

508151948Analyzed
1v1 RM · 10d ago on Sep 21, 2026· 48m 8s· 2 players
Game mode
Random Map
Map size
132×132
Population
200
Speed
Normal
Resources
Standard
Victory
Conquest
Starting age
Dark Age
Ending age
Imperial Age
RankedLock teamsTeams togetherTeam positionsShared explorationLock speedFull tech treeHidden civsTurbo modeCheats
Victory
Defeat
🇲🇽 Dravidians · Mexico
1659
+13
🇨🇱 Spanish · Chile
1603
-13
AiM | PoRRo
5:13 Loom
10:22 Feudal Age
11:18 Double-Bit Axe
14:50 Forging
18:27 Castle Age
25:42 Fletching
27:15 Padded Archer Armor
29:44 Bodkin Arrow
33:42 Imperial Age
34:46 Bow Saw
34:30 Cavalier
35:20 Bloodlines
35:31 Scale Barding Armor
36:46 Husbandry
38:20 Conscription
38:37 Chain Barding Armor
40:36 Elite Skirmisher
42:22 Bracer
43:08 Leather Archer Armor
45:10 Ballistics
45:50 Chemistry
45:32 Ring Archer Armor
xlalox corona
8:48 Loom
10:51 Feudal Age
14:42 Castle Age
13:03 Double-Bit Axe
15:51 Medium Warships
16:39 Bow Saw
17:26 Fletching
23:52 Elite Skirmisher
26:18 Bodkin Arrow
28:01 Padded Archer Armor
30:55 Leather Archer Armor
32:03 Ballistics
36:39 Imperial Age
34:52 Wheelbarrow
35:25 Gold Mining
35:29 Stone Mining
37:55 Bracer
39:20 Ring Archer Armor
44:27 Horse Collar
45:48 Two-Man Saw
44:24 Elite Elephant Archer
48:18 Chemistry
48:50 Conscription
Connection lost

Rejoining the realm…

Still unreachable

The connection could not be restored.

Session expired

The server has moved on; the page needs a fresh start.